 Dungeon Crawl Stone Soup version 0.16.1-11-g651b585 (webtiles) character file.

119 jacksonaction the Changer (level 5, -6/37 HPs)
             Began as a Merfolk Transmuter on Mar 31, 2015.
             Killed by divine providence
             ... invoked by an orc priest
              (9 damage)
             ... on level 3 of the Dungeon.
             The game lasted 00:13:28 (2384 turns).

jacksonaction the Changer (Merfolk Transmuter)      Turns: 2384, Time: 00:13:30

Health: -6/37      AC:  2    Str: 11    XL:     5   Next: 3%
Magic:  3/9        EV: 21    Int: 12    God:
Gold:   67         SH:  0    Dex: 20    Spells: 2 memorised, 4 levels left

rFire  . . .     SeeInvis .       - Unarmed
rCold  . . .     Clarity  .     c - melded +0 robe
rNeg   . . .     SustAb   .     (shield currently unavailable)
rPois  x         Gourm    .     (helmet currently unavailable)
rElec  .         Spirit   .     (cloak currently unavailable)
rCorr  .         Warding  .     (gloves currently unavailable)
rMut   .         Stasis   .     (boots currently unavailable)
MR     .....                    (no amulet)
Stlth  ++........               (no ring)
                                (no ring)

@: spider-form, not resistant to hostile enchantments, unstealthy
A: (change form in water), (swift swim)
a: End Transformation


You were on level 3 of the Dungeon.
You were hungry.
You were a venomous arachnid creature.
You visited 1 branch of the dungeon, and saw 3 of its levels.

You collected 67 gold pieces.

Inventory:

Missiles
 b - 27 stones (quivered)
Armour
 c - a +0 robe (melded)
Jewellery
 l - an uncursed amulet of guardian spirit {unknown}
 o - a cursed -3 ring of dexterity {unknown}
Scrolls
 h - 2 scrolls of remove curse {unknown}
 m - a scroll of enchant armour {unknown}
 n - a scroll of noise {unknown}
Potions
 e - a potion of curing {unknown}
 g - 2 potions of haste {unknown}
 j - a potion of poison {unknown}
 k - a potion of heal wounds {unknown}
Books
 d - a book of Changes

   Spells                             Type                      Level
   a - Beastly Appendage              Transmutation                1
   b - Sticks to Snakes               Transmutation                2
   c - Spider Form                    Transmutation/Poison         3
   d - Ice Form                       Ice/Transmutation            4
   e - Blade Hands                    Transmutation                5
Comestibles
 a - a bread ration
 i - 2 meat rations


   Skills:
 - Level 1.1 Fighting
 - Level 2.6 Dodging
 - Level 3.7 Unarmed Combat
 - Level 2.0 Spellcasting
 + Level 5.6 Transmutations
 * Level 2.0 Poison Magic


You had 4 spell levels left.
You knew the following spells:

 Your Spells              Type           Power        Failure   Level  Hunger
a - Beastly Appendage     Trmt           ##....       10%         1    ##.....
b - Spider Form           Trmt/Pois      ##........   41%         3    ####...


Dungeon Overview and Level Annotations

Branches:
Dungeon (3/15)

Altars:
Qazlal

Annotations:
D:3 meatme's ghost, average GrGl


Message History

You feel agile.
The orc wizard gestures wildly while chanting.
The orc wizard blinks!
The orc priest barely misses you.
The orc wizard gestures at you while chanting.
The magic dart hits you!
You see here a hand axe.
You hit the orc priest.
The orc priest is lightly wounded.
Your transformation has ended.
Your +0 robe unmelds from your body.
The orc priest hits you with a flail!
* * * LOW HITPOINT WARNING * * *
Casting: Spider Form
Confirm with . or Enter, or press ? or * to list all spells.
You turn into a venomous arachnid creature.
Your +0 robe melds into your body.
You are feeling hungry.
The orc priest mumbles some strange prayers to Beogh against you.
Something smites you!
You die...

... ### ..# #.#
####.##### #
#.oso....#
#.##.##.##...#
#.......# .
####<###.......#
#...##.....#
###.# #...## .#
#.## . ... ## .


You could see an orc priest and an orc.

Vanquished Creatures
  An orc priest (D:3)
  2 adders
  A worm (D:2)
  3 giant geckos
  An ooze (D:1)
  An orc (D:3)
  2 ball pythons (D:1)
  10 bats
  4 giant cockroaches (D:1)
  5 hobgoblins
  4 jackals (D:1)
  2 quokkas (D:2)
  10 goblins
  7 kobolds
  7 rats
60 creatures vanquished.

Notes
Turn   | Place    | Note
--------------------------------------------------------------
     0 | D:1      | jacksonaction, the Merfolk Transmuter, began the quest for the Orb.
     0 | D:1      | Reached XP level 1. HP: 15/15 MP: 3/3
   348 | D:1      | Reached XP level 2. HP: 16/21 MP: 2/4
   694 | D:1      | Reached XP level 3. HP: 23/26 MP: 6/6
   699 | D:1      | Learned a level 3 spell: Spider Form
   728 | D:1      | Reached skill level 4 in Transmutations
  1483 | D:2      | Reached skill level 1 in Poison Magic
  1515 | D:2      | Reached XP level 4. HP: 28/32 MP: 4/7
  1825 | D:2      | Found a stormy altar of Qazlal.
  2315 | D:3      | Noticed meatme's ghost (average GrGl)
  2327 | D:3      | Reached skill level 5 in Transmutations
  2381 | D:3      | Reached XP level 5. HP: 20/37 MP: 6/9
  2384 | D:3      | Killed from afar by an orc priest

Action                   |  1- 3 |  4- 6 || total
-------------------------+-------+-------++-------
Melee: Unarmed           |   138 |    56 ||   194
Throw: Stone             |    63 |    13 ||    76
 Cast: Beastly Appendage |    22 |     6 ||    28
       Spider Form       |     2 |     4 ||     6
  Eat: Chunk             |     3 |     3 ||     6
